 Dungeon Crawl Stone Soup version 0.21-a0-70-g32e1473 (console) character file.

137 removed the Insei (level 5, 41/41 HPs)
             Began as a Demonspawn Monk on June 18, 2017.
             Quit the game on level 2 of the Dungeon.
             The game lasted 00:02:39 (2584 turns).

removed the Insei (Demonspawn Monk)                 Turns: 2584, Time: 00:02:40

Health: 41/41      AC:  4    Str: 11    XL:     5   Next: 0%
Magic:  5/5        EV: 13    Int: 12    God:
Gold:   100        SH:  0    Dex: 16    Spells: 4/4 levels left

rFire    . . .     SeeInvis .     - Unarmed
rCold    . . .     Gourm    .   (no shield)
rNeg     . . .     Faith    .   a - +0 robe
rPois    .         Spirit   .   j - +0 helmet (curse)
rElec    .         Reflect  .   (no cloak)
rCorr    .         Harm     .   o - +0 pair of gloves
MR       .....                  (no boots)
Stlth    ++........             (no amulet)
HPRegen  0.13/turn              (no ring)
MPRegen  0.09/turn              (no ring)

@: no status effects
A: talons 1, spiny 1
a: no special abilities


You were on level 2 of the Dungeon.
You were not hungry.

You visited 1 branch of the dungeon, and saw 3 of its levels.

You collected 100 gold pieces.

Inventory:

Armour
 a - a +0 robe (worn)
 j - a cursed +0 helmet (worn)
 o - a +0 pair of gloves (worn)
Wands
 p - a wand of iceblast (2/15)
Scrolls
 c - 2 scrolls of teleportation {unknown}
 h - 3 scrolls of identify {unknown}
 n - a scroll of immolation {unknown}
Potions
 d - a potion of might {unknown}
 k - a potion of invisibility {unknown}
 m - a potion of lignification {unknown}
Comestibles
 b - a bread ration
 g - 3 royal jellies
 i - 2 meat rations
 q - 2 chunks of flesh


   Skills:
 - Level 3.0 Fighting
 - Level 2.6 Dodging
 - Level 1.7 Stealth
 + Level 5.2 Unarmed Combat


You had 4 spell levels left.
You didn't know any spells.

Dungeon Overview and Level Annotations

Branches:
Dungeon (3/15)

Altars:


Innate Abilities, Weirdness & Mutations

You have sharp toenails.
You are partially covered in sharp spines.


Message History

Wield which item (- for none, * to show all)? (? for menu, Esc to quit)
Okay, then.
Items here: ) [[ † a scale mail; a chain mail; a club; an orc corpse You butcher the orc corpse.
q - a chunk of flesh
Items here: ) [[ ÷ a scale mail; a chain mail; a club; an orc skeleton
Things that are here:
a dagger; a robe; an orc corpse You butcher the orc corpse.
q - 2 chunks of flesh (gained 1)
Things that are here:
a dagger; a robe
Items here: ) [[ ÷ a scale mail; a chain mail; a club; an orc skeleton You start resting.
HP restored.
Okay, then.
Are you sure you want to abandon this character and quit the game? (Confirm with "yes".)

.......................######....
.........................# #....
..#...##..##...........#.####....
.....(...#####.#...#..>....###...
..###.#### #.#...#..##.#.####..
#.# #.# #.#...#..##......... #.#
#.# #.#...#..##......... ..#
#.########....##..##.#.......
#.###.......##.>@......#.#..#...#
#.....#...#.##<#)#####...........
#......###..##.#.# #.#.....<...
#####..# #.......# #)..........
#..###..##.#.# #.#........#
#.#...#.#....#####.#.##.##.##
#.......#..........#.##.##.#
####.####........###.##.##.# #.#
#.#...#..# #.##.##.#


There were no monsters in sight!

Vanquished Creatures
  An orc wizard (D:2)
  Ijyb (D:2)
  3 adders
  An ooze (D:1)
  2 worms
  2 dart slugs (D:2)
  2 orcs
  2 giant cockroaches
  2 goblins
  7 hobgoblins
  2 jackals (D:3)
  2 quokkas (D:2)
  A ball python (D:1)
  6 bats
  2 frilled lizards
  5 kobolds
  4 rats
45 creatures vanquished.

Notes
Turn   | Place    | Note
-------+----------+-------------------------------------------
     0 | D:1      | removed the Demonspawn Monk began the quest for the Orb.
     0 | D:1      | Reached XP level 1. HP: 18/18 MP: 1/1
    93 | D:1      | Reached skill level 3 in Unarmed Combat
   346 | D:1      | Gained mutation: You are partially covered in sharp spines. [demonic ancestry]
   346 | D:1      | Reached XP level 2. HP: 24/24 MP: 2/2
  1368 | D:2      | Reached XP level 3. HP: 29/29 MP: 3/3
  1390 | D:2      | Reached skill level 4 in Unarmed Combat
  2032 | D:3      | Noticed Ijyb
  2057 | D:2      | Killed Ijyb
  2057 | D:2      | Reached XP level 4. HP: 27/35 MP: 4/4
  2392 | D:2      | Reached skill level 5 in Unarmed Combat
  2397 | D:2      | Gained mutation: You have sharp toenails. [demonic ancestry]
  2397 | D:2      | Reached XP level 5. HP: 16/41 MP: 5/5
  2584 | D:2      | Quit the game

Vault maps used:
D:1:      dpeg_arrival_brainrot
D:2:      st_stairs_14, minmay_misc_feat_enclosed
D:3:      nicolae_tso_carved_into_rock, dancing_weapons_uskayaw,
          lemuel_round_altar, first_bread, minmay_ruptured, uniq_ijyb

Skill      XL: |  1  2  3  4 |
---------------+-------------+-----
Unarmed Combat | 3 4 5 |  5.2
Fighting       | |  3.0
Dodging        | |  2.6
Stealth        | |  1.7

Action                   |  1- 3 |  4- 6 || total
-------------------------+-------+-------++-------
Melee: Unarmed           |   108 |    31 ||   139
       Punch             |     1 |     1 ||     2
 Stab: Sleeping          |     3 |       ||     3
       Distracted        |       |     1 ||     1
  Eat: Chunk             |     3 |     2 ||     5
Armor: Robe              |    12 |     5 ||    17
Dodge: Dodged            |    40 |    24 ||    64
